 Dungeon Crawl Stone Soup version 0.30.0-19-g36f170ea60 (webtiles) character file.

Game seed: 14113946751678255741

1479 olmar the Grappler (level 8, -6/67 HPs)
             Began as a Ghoul Monk on May 28, 2023.
             Mangled by Blork the orc
             ... wielding a +0 glaive of pain
              (10 damage)
             ... on level 5 of the Dungeon.
             The game lasted 00:05:06 (3155 turns).

olmar the Grappler (Ghoul Monk)                     Turns: 3155, Time: 00:05:07

Health: -6/67      AC: 12    Str: 17    XL:     8   Next: 79%
Magic:  7/7        EV:  6    Int:  5    God:
Gold:   216        SH:  0    Dex: 17    Spells: 7/7 levels left

rFire   . .          .
                       - Unarmed
rCold   + . .        c - orb {light}
rNeg    + + +        g - +0 plate armour
rPois   ∞            (no helmet)
rElec   .            (no cloak)
rCorr   .            (no gloves)
SInv    .            (no boots)
Will    .....        l - amulet of regeneration Stlth
                     p - +6 ring of dexterity
HPRegen 0.00/turn    (no ring)
MPRegen 0.10/turn

%: no passive effects
@: confused, ambrosia-drunk, inhibited regen, glowing
A: claws 1, cold resistance 1, negative energy resistance 3, inhibited
regeneration, torment resistance 2, devour on kill
a: no special abilities


You were on level 5 of the Dungeon.
You visited 1 branch of the dungeon, and saw 5 of its levels.

You collected 216 gold pieces.

Inventory:

Missiles
 m - 9 poisoned darts (quivered)
Armour
 a - a +0 robe
 c - an orb of light (worn)
 g - a +0 plate armour (worn)
Jewellery
 l - an amulet of regeneration (around neck)
 p - a +6 ring of dexterity (left claw)
 u - an amulet of magic regeneration
Scrolls
 d - a scroll of amnesia {unknown}
 e - a scroll of magic mapping
 f - a scroll of butterflies {unknown}
 i - a scroll of poison {unknown}
 j - a scroll of blinking {unknown}
 k - a scroll of enchant weapon {unknown}
 n - a scroll of vulnerability {unknown}
 o - a scroll of enchant armour {unknown}
 s - a scroll of teleportation {unknown}
 t - 3 scrolls of identify
Potions
 h - 2 potions of flight
 q - a potion of berserk rage


   Skills:
 + Level 4.7 Fighting
 + Level 0.1 Throwing
 + Level 4.4 Armour
 + Level 3.4 Dodging
 + Level 0.2 Stealth
 + Level 9.7 Unarmed Combat


You had 7 spell levels left.
You didn't know any spells.
Your spell library contained the following spells:

 Spells                   Type           Power      Damage    Failure   Level
 Magic Dart               Conj           0%         1d3       100%        1
 Call Imp                 Summ           0%         N/A       100%        2
 Mephitic Cloud           Conj/Pois/Air  0%         N/A       100%        3


Dungeon Overview and Level Annotations

Branches:
Dungeon (5/15)             Temple (0/1) D:5

Altars:
Ashenzari
Sif Muna
Trog

Shops:
D:5 [

Annotations:
D:4 1 runed translucent door, Crazy Yiuf
D:5 Blork the orc


Innate Abilities, Weirdness & Mutations

You are immune to poison.
You have sharp fingernails.
Your flesh is cold resistant. (rC+)
You are immune to negative energy. (rN+++)
You do not regenerate when monsters are visible.
You are immune to unholy pain and torment.
You thrive by killing the living.


Message History

You are too injured to fight recklessly!
There are monsters nearby!
You are too injured to fight recklessly!
There are monsters nearby!
You claw the ogre!
The ogre is severely wounded.
The ogre barely misses you.
Okay, then.
Okay, then.
You scratch the ogre.
The ogre is severely wounded.
You scratch the ogre.
The ogre is severely wounded.
The ogre hits you with a +0 giant club!!
* * * LOW HITPOINT WARNING * * *
You barely miss the ogre.
The ogre is severely wounded.
You claw the ogre!
You kill the ogre!
You feel better.
You see here 5 stones.
Blork the orc mumbles some strange words.
Blork the orc seems to speed up.
Okay, then.
As you read the scroll labelled FAEPHE GADWOA, it crumbles to dust.
You feel aware of your surroundings.
It was a scroll of magic mapping.
Okay, then.
You are confused.
You feel invigorated.
Blork the orc hits you from afar with a +0 glaive of pain!
* * * LOW HITPOINT WARNING * * *
Blork the orc hits you from afar with a +0 glaive of pain.
* * * LOW HITPOINT WARNING * * *
You bump into the rock wall.
Blork the orc barely misses you.
You bump into the rock wall.
Blork the orc gestures at you while chanting.
The puff of flame hits you!
* * * LOW HITPOINT WARNING * * *
Blork the orc hits you from afar with a +0 glaive of pain!
You die...

#^....#.....#...#....#..#..##.
#.....#.....'...#....#..#~####
#.....#.....#...#...##))#~~##.
#.....#...∩.#####...#.)##~~...
#.....#.............#.)#≈≈~~..
#.....#.............#))#≈≈~~..
#.....#.............#.)#≈~~~..
#...(.#.............#..##~~##.
#.....#....o.@......##..#~~.#.
#.....#.....#####....#..##~.+.
#.....#.....# #....##..#~.#.
#.....#....o# #....~#..#,.#.
#.....#.....# #....~#..#,,#.
#.....#.....########~~#..#,,#.
#.....######(....##~~~#).##,#.
#######*,,,#.....##~≈≈##).#,#.
*,,,,#.....##~≈≈≈#..#,#.


You could see Blork the orc (fast).

Vanquished Creatures
  Eustachio (D:5)
  Sigmund (D:4)
  A water moccasin (D:5)
  A black bear (D:5)
  2 ogres (D:5)
  A kobold brigand (D:5)
  3 scorpions
  A gnoll bouda (D:5)
  2 orc priests
  5 iguanas
  A sleepcap (D:4)
  Natasha (thrice) (D:2)
  2 orc wizards (D:4)
  4 gnolls (D:5)
  7 adders
  A white imp (D:5)
  A worm (D:3)
  3 dart slugs
  16 orcs
  3 endoplasms
  8 goblins
  5 hobgoblins
  11 kobolds
  5 quokkas
  6 ball pythons
  2 bats
  A frilled lizard (D:1)
  8 rats
105 creatures vanquished.

Notes
Turn   | Place    | Note
-------+----------+-------------------------------------------
     0 | D:1      | olmar the Ghoul Monk began the quest for the Orb.
     0 | D:1      | Reached XP level 1. HP: 19/19 MP: 0/0
    85 | D:1      | You fall into a shaft and drop 1 floor!
   150 | D:2      | Reached XP level 2. HP: 16/26 MP: 1/1
   345 | D:2      | Found a shimmering blue altar of Sif Muna.
   367 | D:2      | Noticed Natasha
   381 | D:2      | Killed Natasha
   382 | D:2      | Reached skill level 4 in Unarmed Combat
   382 | D:2      | Reached XP level 3. HP: 13/33 MP: 2/2
  1024 | D:2      | Noticed Natasha
  1036 | D:2      | Killed Natasha
  1037 | D:2      | Reached XP level 4. HP: 16/40 MP: 3/3
  1115 | D:2      | Noticed Natasha
  1125 | D:2      | Killed Natasha
  1235 | D:3      | Found a faded altar of an unknown god.
  1415 | D:3      | Reached XP level 5. HP: 46/46 MP: 4/4
  1468 | D:3      | Reached skill level 1 in Armour
  1478 | D:3      | Reached skill level 5 in Unarmed Combat
  1940 | D:4      | Noticed Sigmund
  2022 | D:4      | Reached XP level 6. HP: 49/52 MP: 5/5
  2095 | D:4      | Reached skill level 6 in Unarmed Combat
  2237 | D:4      | Found a broken altar of Ashenzari.
  2237 | D:4      | Found a bloodstained altar of Trog.
  2300 | D:4      | Killed Sigmund
  2301 | D:4      | Reached skill level 7 in Unarmed Combat
  2301 | D:4      | Reached XP level 7. HP: 55/59 MP: 6/6
  2586 | D:4      | Found a runed translucent door.
  2587 | D:4      | Noticed Crazy Yiuf
  2608 | D:5      | Entered Level 5 of the Dungeon
  2644 | D:5      | Reached skill level 8 in Unarmed Combat
  2681 | D:5      | Noticed Eustachio
  2688 | D:5      | Reached XP level 8. HP: 55/67 MP: 7/7
  2713 | D:5      | Killed Eustachio
  2772 | D:5      | Reached skill level 9 in Unarmed Combat
  3039 | D:5      | Found Xoruuss's Antique Armour Boutique.
  3134 | D:5      | Noticed Blork the orc
  3155 | D:5      | Mangled by Blork the orc

Illustrated notes

Levels and vault maps discovered:
D:1:      dpeg_arrival_central, layout_basic
D:2:      layout_rooms, basic_altar, uniq_natasha
D:3:      layout_loops_ring, dreamdust_ecumenical_altar_hidden_monk_grotto
D:4:      layout_rooms, nicolae_overflow_two_pavilions, uniq_crazy_yiuf_cottage,
          uniq_sigmund
D:5:      cheibrodos_thug_alley, layout_gridville,
          minmay_temple_entry_proselytizer, serial_shops, shop,
          uniq_blork_the_orc, uniq_eustachio

Skill      XL: |  1  2  3  4  5  6  7  8 |
---------------+-------------------------+-----
Dodging        | 3 |  3.4
Unarmed Combat | 4 5 7 8 9 |  9.7
Fighting       | 4 |  4.7
Armour         | 2 3 4 |  4.4
Throwing       | |  0.1
Stealth        | |  0.2

Action                     |  1- 3 |  4- 6 |  7- 9 || total
---------------------------+-------+-------+-------++-------
  Melee: Unarmed           |    56 |   120 |   134 ||   310
  Throw: Dart              |       |     1 |       ||     1
    Use: Scroll            |       |     3 |     1 ||     4
         Potion            |       |     1 |     3 ||     4
 Armour: Plate armour      |    16 |    66 |   103 ||   185
         Robe              |     1 |       |       ||     1
  Dodge: Dodged            |    13 |    29 |    48 ||    90
